 Dungeon Crawl Stone Soup version 0.28-a0-224-g76b539d98b (webtiles) character file.

Game seed: 15835059399674778359

295 RedSatellite the Ruffian (level 6, -2/52 HPs)
             Began as a Ghoul Monk on Aug 21, 2021.
             Slain by a gnoll (7 damage)
             ... on level 4 of the Dungeon.
             The game lasted 00:18:46 (4030 turns).

RedSatellite the Ruffian (Ghoul Monk)               Turns: 4030, Time: 00:18:47

Health: -2/52      AC: 10    Str: 17    XL:     6   Next: 34%
Magic:  14/14      EV:  7    Int:  5    God:
Gold:   221        SH:  0    Dex: 11    Spells: 5/5 levels left

rFire   . . .      SeeInvis .     - Unarmed
rCold   + . .      Faith    .   (no shield)
rNeg    + + +      Spirit   .   f - +0 chain mail
rPois   ∞          Reflect  .   d - +0 hat
rElec   .          Harm     .   v - +0 cloak
rCorr   .          Rampage  .   (no gloves)
Will    .....                   (no boots)
Stlth   ..........              (no amulet)
HPRegen 0.00/turn               e - ring of magical power
MPRegen 0.14/turn               (no ring)

@: inhibited regen
A: claws 1, cold resistance 1, negative energy resistance 3, inhibited
regeneration, torment resistance 2
a: no special abilities


You were on level 4 of the Dungeon.
You visited 1 branch of the dungeon, and saw 4 of its levels.

You collected 221 gold pieces.

Inventory:

Hand Weapons
 q - a +1 mace of draining
 u - a +2 quarterstaff of chaos
Missiles
 r - 2 boomerangs (quivered)
Armour
 a - a +0 robe
 d - a +0 hat (worn)
 f - a +0 chain mail (worn)
 g - a scarf of invisibility
 v - a +0 cloak (worn)
Jewellery
 e - a ring of magical power (left claw)
Wands
 t - a wand of iceblast (5)
Scrolls
 c - a scroll of teleportation {unknown}
 h - 2 scrolls of vulnerability {unknown}
 i - a scroll of fear {unknown}
 k - 4 scrolls of identify {unknown}
 m - 3 scrolls of acquirement {unknown}
 n - a scroll of holy word {unknown}
 o - a scroll of summoning {unknown}
Potions
 b - a potion of ambrosia
 l - a potion of berserk rage {unknown}
 p - a potion of attraction {unknown}
 s - a potion of flight {unknown}


   Skills:
 + Level 4.2 Fighting
 + Level 0.1 Throwing
 + Level 2.7 Armour
 - Level 3.2 Dodging
 - Level 2.1 Stealth
 + Level 5.6 Unarmed Combat


You had 5 spell levels left.
You didn't know any spells.
Your spell library was empty.

Dungeon Overview and Level Annotations

Branches:
Dungeon (4/15)
 Temple: D:4-7

Altars:
Gozag

Shops:
D:3 *


Innate Abilities, Weirdness & Mutations

You thrive by killing the living.
You are immune to poison.
You have sharp fingernails.
Your flesh is cold resistant. (rC+)
You are immune to negative energy. (rN+++)
You do not regenerate when monsters are visible.
You are immune to unholy pain and torment.


Message History

The gnoll completely misses you.
You barely miss the gnoll.
The gnoll is severely wounded.
The gnoll hits you with a +0 flail.
* * * LOW HITPOINT WARNING * * *
The gnoll hits you but does no damage.
You claw the gnoll!
You kill the gnoll!
You feel better. The gnoll hits you but does no damage.
It was a potion of ambrosia.
You are confused.
You feel invigorated. The gnoll hits you with a +0 spear.
The gnoll hits you from afar with a +0 halberd.
You are too confused!
You are too confused!
You are too confused!
You are too confused!
The gnoll hits you from afar with a +0 spear.
You bump into the rock wall.
The gnoll hits you but does no damage.
You are too confused!
The gnoll hits you with a +0 spear.
The gnoll hits you from afar with a +0 halberd.
You are too injured to fight recklessly!
You bump into the rock wall.
You feel less invigorated.
You feel less confused. The gnoll hits you with a +0 spear.
The gnoll hits you from afar with a +0 halberd!
You barely miss the gnoll. The gnoll hits you with a +0 spear.
* * * LOW HITPOINT WARNING * * *
The gnoll hits you from afar with a +0 halberd.
* * * LOW HITPOINT WARNING * * *
You completely miss the gnoll. The gnoll hits you but does no damage.
The gnoll hits you from afar with a +0 halberd.
* * * LOW HITPOINT WARNING * * *
You scratch the gnoll.
The gnoll is lightly wounded.
The gnoll hits you but does no damage.
The gnoll hits you from afar with a +0 halberd!
You die...

#..###.#
###..###.#
##........#
#......###.#
#.#.#..###.# #
#.#...##.########
#....)..........#
#.#...##.######.#
#.##.###@#
#.##.###g#
#....)..g#
####g##### #...#
#.....# #.......#
#.........#
.'.........+


You could see 2 gnolls.

Vanquished Creatures
  An ogre (D:3)
  Crazy Yiuf (D:3)
  Ijyb (D:3)
  An iguana (D:3)
  2 gnolls (D:4)
  4 adders
  2 worms
  2 dart slugs
  5 orcs
  4 endoplasms
  5 giant cockroaches
  7 hobgoblins
  5 quokkas
  4 ball pythons
  3 bats
  6 frilled lizards
  5 goblins
  6 kobolds
  6 rats
70 creatures vanquished.

Notes
Turn   | Place    | Note
-------+----------+-------------------------------------------
     0 | D:1      | RedSatellite the Ghoul Monk began the quest for the Orb.
     0 | D:1      | Reached XP level 1. HP: 19/19 MP: 0/0
   324 | D:1      | Reached XP level 2. HP: 16/26 MP: 1/1
   530 | D:1      | Found a faded altar of an unknown god.
  1034 | D:1      | Reached XP level 3. HP: 33/33 MP: 2/2
  1905 | D:2      | Reached skill level 4 in Unarmed Combat
  2268 | D:3      | Reached XP level 4. HP: 36/40 MP: 3/3
  2347 | D:3      | Found an opulent altar of Gozag.
  2356 | D:3      | Found Gozag's Platinum Reserve.
  2445 | D:3      | Found a runed translucent door.
  2446 | D:3      | Noticed Crazy Yiuf
  2586 | D:3      | Noticed an ogre
  2596 | D:3      | Killed an ogre
  2597 | D:3      | Reached skill level 1 in Armour
  2597 | D:3      | Reached XP level 5. HP: 17/46 MP: 4/4
  2824 | D:3      | Reached skill level 5 in Unarmed Combat
  3225 | D:3      | Noticed Ijyb
  3247 | D:3      | Killed Ijyb
  3597 | D:3      | Reached XP level 6. HP: 48/52 MP: 5/5
  3669 | D:3      | Killed Crazy Yiuf
  4030 | D:4      | Slain by a gnoll

Illustrated notes

Levels and vault maps discovered:
D:1:      amcnicky_arrival_feature_with_door, layout_loops_ring,
          basic_ecumenical_altar, minmay_split_cup_large
D:2:      layout_basic
D:3:      layout_loops_ring, nicolae_gozag_zags_fifth_avenue, uniq_ijyb,
          uniq_crazy_yiuf_cottage
D:4:      layout_loops_corners, yredelemnul_forgotten_temple_becter

Skill      XL: |  1  2  3  4  5 |
---------------+----------------+-----
Dodging        | 3 |  3.2
Unarmed Combat | 4 5 |  5.6
Fighting       | 4 |  4.2
Armour         | 1 2 |  2.7
Throwing       | |  0.1
Stealth        | |  2.1

Action                   |  1- 3 |  4- 6 || total
-------------------------+-------+-------++-------
Melee: Unarmed           |   143 |   139 ||   282
       Punch             |     1 |     1 ||     2
Throw: Boomerang         |       |     2 ||     2
  Use: Potion            |       |     2 ||     2
 Stab: Sleeping          |     2 |       ||     2
Armor: Robe              |    14 |       ||    14
       Chain mail        |    52 |    53 ||   105
Dodge: Dodged            |    66 |    50 ||   116

Table legend: (Time is in decaauts)
 A = Elapsed time spent in this place.
 B = Non-inter-level travel time spent in this place.
 C = Inter-level travel time spent in this place.
 D = Time resting spent in this place.
 E = Time spent auto-exploring this place.
 F = Levels seen in this place.
 G = Mean time per level.
                   A        B        C        D        E       F      G
               +--------+--------+--------+--------+--------+-----+--------+
         Total |   4007 |   3940 |     67 |   1064 |   2201 |   4 | 1001.8 |
       Dungeon |   4007 |   3940 |     67 |   1064 |   2201 |   4 | 1001.8 |
               +--------+--------+--------+--------+--------+-----+--------+

Top non-repeatable levels by time:
     D:1: 1586 daAuts
     D:3: 1571 daAuts
     D:2: 570 daAuts
     D:4: 279 daAuts
